 Dungeon Crawl Stone Soup version 0.24.0-1-gfbc8707 (webtiles) character file.

Game seed: 9932821136167228663, levelgen mode: deterministic

245 Fang the Skirmisher (level 6, 0/39 HPs)
             Began as a Gargoyle Berserker on Oct 28, 2019.
             Was a Believer of Trog.
             Slain by a gnoll (6 damage)
             ... on level 2 of the Dungeon.
             The game lasted 00:02:40 (2284 turns).

Fang the Skirmisher (Gargoyle Berserker)            Turns: 2284, Time: 00:02:40

Health: 0/39       AC:  6    Str: 23    XL:     6   Next: 10%
Magic:  15/15      EV: 12    Int:  7    God:    Trog [**....]
Gold:   149        SH:  0    Dex:  9    Spells: 5/5 levels left

rFire    + . .     SeeInvis .   a - +0 war axe
rCold    . . .     Gourm    .   (no shield)
rNeg     + . .     Faith    .   b - +0 animal skin
rPois    ∞         Spirit   .   (no helmet)
rElec    +         Reflect  .   (no cloak)
rCorr    .         Harm     .   (no gloves)
MR       .....                  (no boots)
Stlth    +.........             (no amulet)
HPRegen  0.13/turn              m - ring of magical power
MPRegen  0.14/turn              j - ring of protection from fire

@: no status effects
A: negative energy resistance 1, electricity resistance, unbreathing,
petrification resistance, rot immunity, AC +4
a: Berserk, Trog's Hand, Renounce Religion


You were on level 2 of the Dungeon.
You worshipped Trog.
Trog was pleased with you.
You were not hungry.

You visited 1 branch of the dungeon, and saw 3 of its levels.

You collected 149 gold pieces.

Inventory:

Hand Weapons
 a - a +0 war axe (weapon)
Armour
 b - a +0 animal skin (worn)
Jewellery
 j - a ring of protection from fire (right hand)
 m - a ring of magical power (left hand)
Scrolls
 d - 2 scrolls of enchant armour {unknown}
 k - 2 scrolls of immolation {unknown}
 l - 4 scrolls of identify {unknown}
 o - a scroll of blinking {unknown}
 r - 3 scrolls of remove curse {unknown}
Potions
 e - a potion of berserk rage {unknown}
 f - a potion of invisibility {unknown}
 g - 2 potions of flight {unknown}
 h - a potion of resistance {unknown}
 i - a potion of brilliance {unknown}
 p - 2 potions of lignification {unknown}
 q - a potion of degeneration {unknown}
Comestibles
 c - 8 rations


   Skills:
 + Level 4.6 Fighting
 + Level 3.8 Axes
 + Level 3.8 Armour
 + Level 2.8 Dodging


You had 5 spell levels left.
You didn't know any spells.
Your spell library was empty.

Dungeon Overview and Level Annotations

Branches:
Dungeon (3/15)

Altars:
Zin


Innate Abilities, Weirdness & Mutations

You are resistant to torment.
Your stone body is resilient. (AC +4)
You are immune to poison.
You resist negative energy. (rN+)
You are resistant to electric shocks. (rElec)
You can survive without breathing.
You are immune to petrification.
You are immune to rotting.


Message History

The gnoll barely misses you. The gnoll closely misses you.
You are too injured to fight recklessly!
You are too injured to fight recklessly!
You are too injured to fight recklessly!
You are too injured to fight recklessly!
You are too injured to fight recklessly!
You are too injured to fight recklessly!
You are too injured to fight recklessly!
You are too injured to fight recklessly!
You are too injured to fight recklessly!
The gnoll hits you.
The gnoll hits you from afar with a +2 vampiric spear!
* * * LOW HITPOINT WARNING * * *
The gnoll misses you.
You climb upwards.
There is a stone staircase leading down here.
You hit the gnoll.
The gnoll is almost dead.
The gnoll barely misses you. The gnoll hits you.
You die...

# ########## #######
##...##...## ......#
##.[........## #####.##
#............#
#..#####............# #
##.....#....g.......#
## #####......@......##
.# ####.........##
.##########.......#####
............##.##.#
##.###########.##.###
#.### #......#
#...##### #......#
###..##.# #......#
###....# ###......#


You could see a gnoll.

Vanquished Creatures
  An orc priest (D:3)
  Jessica (D:3)
  Natasha (thrice) (D:2)
  5 adders
  2 worms (D:2)
  A dart slug (D:2)
  3 leopard geckos
  3 orcs (D:3)
  8 bats
  2 giant cockroaches (D:1)
  7 goblins
  4 hobgoblins
  6 kobolds
  8 frilled lizards
  13 rats
67 creatures vanquished.

Notes
Turn   | Place    | Note
-------+----------+-------------------------------------------
     0 | D:1      | Fang the Gargoyle Berserker began the quest for the Orb.
     0 | D:1      | Reached XP level 1. HP: 14/14 MP: 1/1
    63 | D:1      | You fall into a shaft and drop 1 floor!
    72 | D:2      | Noticed Natasha
    79 | D:2      | Killed Natasha
    79 | D:2      | Reached XP level 2. HP: 19/19 MP: 2/2
    79 | D:2      | Reached XP level 3. HP: 23/23 MP: 3/3
   112 | D:2      | Noticed Natasha
   249 | D:2      | Killed Natasha
   249 | D:2      | Reached XP level 4. HP: 29/29 MP: 4/4
   276 | D:2      | Noticed Natasha
   293 | D:2      | Killed Natasha
   293 | D:2      | Reached skill level 4 in Fighting
   494 | D:2      | Found a glowing silver altar of Zin.
   865 | D:2      | Reached XP level 5. HP: 33/33 MP: 5/5
  1398 | D:1      | Reached ** piety under Trog
  2043 | D:3      | Noticed Jessica
  2050 | D:3      | Killed Jessica
  2061 | D:3      | Reached XP level 6. HP: 14/39 MP: 6/6
  2284 | D:2      | Slain by a gnoll

Levels and vault maps discovered:
D:1:      ncdulo_wetmaze, layout_loops_ring
D:2:      layout_rooms, overflow_temple_1_default, first_ration,
          minmay_rat_gold_closets, uniq_natasha
D:3:      layout_rooms, uniq_jessica

Skill      XL: |  1  2  3  4 |
---------------+-------------+-----
Axes           | 3 |  3.8
Dodging        | 2 |  2.8
Armour         | 3 |  3.8
Fighting       | 4 |  4.6

Action                   |  1- 3 |  4- 6 || total
-------------------------+-------+-------++-------
Melee: Hand axe          |    18 |   170 ||   188
       War axe           |       |    22 ||    22
Invok: Berserk           |     2 |     2 ||     4
 Stab: Sleeping          |       |     1 ||     1
  Eat: Chunk             |       |     8 ||     8
Armor: Animal skin       |    12 |    65 ||    77
Dodge: Dodged            |     6 |   145 ||   151
